AoeStats
← Thomas

Nomad

509757231Analyzed
2v2 RM · 4d ago on Sep 27, 2026· 42m 16s· 4 players
Game mode
Random Map
Map size
176×176
Population
200
Speed
Normal
Resources
Standard
Victory
Conquest
Starting age
Dark Age
Ending age
Imperial Age
RankedLock teamsTeams togetherTeam positionsShared explorationLock speedFull tech treeHidden civsTurbo modeCheats
Victory
Defeat
🇨🇦 Mongols · Canada
1118
+14
🇿🇦 Goths · South Africa
1047
+18
🇨🇱 Varangians · Chile
1077
-16
🇨🇱 Danes · Chile
1076
-16
Deivid
13:26 Feudal Age
11:42 Loom
14:21 Double-Bit Axe
15:29 Fishing Lines
18:33 Castle Age
18:08 Gold Mining
20:30 Wheelbarrow
21:03 Bow Saw
21:27 Medium Warships
22:21 Gold Shaft Mining
23:43 Stone Mining
25:21 Gillnets
27:20 Stone Shaft Mining
30:12 Careening
33:15 Imperial Age
34:25 Forging
34:16 Scale Mail Armor
34:58 Ballistics
34:19 Capped Ram
35:56 Horse Collar
36:30 Squires
37:10 Iron Casting
37:35 Conscription
38:42 Chain Mail Armor
39:23 Town Watch
40:22 Arson
Thomas
14:45 Feudal Age
15:14 Double-Bit Axe
19:55 Castle Age
21:30 Husbandry
24:29 Bloodlines
26:46 Gold Mining
27:22 Horse Collar
30:48 Forging
30:44 Scale Barding Armor
31:48 Loom
SolidSnake
5:22 Loom
13:13 Feudal Age
14:21 Double-Bit Axe
14:55 Horse Collar
23:25 Castle Age
26:39 Bloodlines
28:07 Scale Barding Armor
28:14 Forging
28:05 Husbandry
35:02 Chain Barding Armor
39:35 Fletching
39:46 Scale Mail Armor
BaseBuilder
3:10 Loom
13:46 Feudal Age
15:54 Wheelbarrow
16:10 Fishing Lines
18:30 Town Watch
22:35 Castle Age
22:03 Forging
22:37 Double-Bit Axe
23:32 Pikeman
24:13 Squires
24:50 Squires
28:16 Anarchy
30:07 Man-at-Arms
31:00 Long Swordsman
Connection lost

Rejoining the realm…

Still unreachable

The connection could not be restored.

Session expired

The server has moved on; the page needs a fresh start.